 Dungeon Crawl Stone Soup version 0.30.1-3-gfc49f6343a (webtiles) character file.

Game seed: 17926080096088043890

47103 Peloso the Fencer (level 14, -1/133 HPs)
             Began as a Minotaur Fighter on July 19, 2023.
             Was the Champion of Okawaru.
             Slain by a sixfirhy (12 damage)
             ... summoned by an orc high priest
             ... on level 2 of the Orcish Mines.
             The game lasted 00:39:53 (20087 turns).

Peloso the Fencer (Minotaur Fighter)               Turns: 20087, Time: 00:39:54

Health: -1/133     AC: 19    Str: 23    XL:     14   Next: 7%
Magic:  14/14      EV: 15    Int:  8    God:    Okawaru [******]
Gold:   1079       SH:  7    Dex: 19    Spells: 13/13 levels left

rFire   . . .        b - +4 scimitar (flame)
rCold   . . .        d - +0 buckler
rNeg    . . .        w - +6 scale mail "Nuva" {Fly Int+3}
rPois   .            (helmet restricted)
rElec   .            (no cloak)
rCorr   +            (no gloves)
SInv    .            L - +2 pair of boots
Will    +....        R - amulet of regeneration
Stlth   +            P - +6 ring of dexterity
HPRegen 1.22/turn    A - ring of resist corrosion
MPRegen 0.14/turn

%: no passive effects
@: flying, hasted (expiring), very quick
A: horns 2, retaliatory headbutt
a: Renounce Religion, Heroism, Finesse, Duel


You were on level 2 of the Orcish Mines.
You worshipped Okawaru.
Okawaru was exalted by your worship.
You visited 4 branches of the dungeon, and saw 19 of its levels.
You also visited: Bailey.

You collected 1205 gold pieces.
You spent 126 gold pieces at shops.

Inventory:

Hand Weapons
 a - a +6 scimitar
 b - a +4 scimitar of flaming (weapon)
 c - a +4 scimitar of electrocution
Armour
 d - a +0 buckler (worn)
 w - the +6 scale mail "Nuva" (worn) {Fly Int+3}
   (You found it in a bailey)

   Int:       It affects your intelligence (+3).
   Fly:       It grants you flight.
 L - a +2 pair of boots (worn)
Jewellery
 q - a ring of ice
 y - an amulet of magic regeneration
 A - a ring of resist corrosion (right hand)
 C - a ring of fire
 H - a ring of see invisible
 O - an amulet of reflection
 P - a +6 ring of dexterity (left hand)
 Q - a +5 ring of evasion
 R - an amulet of regeneration (around neck)
 T - a ring of wizardry
 V - a ring of fire
Wands
 k - a wand of digging (3)
 v - a wand of iceblast (12)
 B - a wand of polymorph (11)
 E - a wand of paralysis (8)
 I - a wand of mindburst (18)
 J - a wand of flame (24)
Scrolls
 g - a scroll of acquirement
 j - a scroll of identify
 n - 4 scrolls of immolation
 r - a scroll of fear
 s - 2 scrolls of brand weapon
 t - 6 scrolls of teleportation
 z - 4 scrolls of magic mapping
 F - 4 scrolls of fog
 K - 2 scrolls of amnesia
 U - a scroll of poison
 X - 2 scrolls of noise
 Y - 2 scrolls of enchant weapon
Potions
 e - 2 potions of magic
 f - 2 potions of might
 h - a potion of berserk rage
 i - 5 potions of flight
 l - 2 potions of resistance
 m - 12 potions of curing
 o - a potion of experience
 p - 3 potions of haste
 u - a potion of heal wounds
 x - 7 potions of ambrosia
 G - a potion of invisibility
 S - a potion of mutation
Miscellaneous
 D - a lightning rod (4/4)
 M - a phantom mirror
 N - a box of beasts


   Skills:
 + Level 14.5 Fighting
 + Level 16.8 Long Blades
 + Level 14.1 Armour
 + Level 7.8 Dodging
 + Level 1.8 Stealth
 + Level 11.3 Shields
 + Level 2.2 Invocations
 + Level 2.1 Evocations


You had 13 spell levels left.
You didn't know any spells.
Your spell library contained the following spells:

 Spells                   Type           Power      Damage    Failure   Level
 Sandblast                Erth           0%         2d4       67%         1
 Shock                    Conj/Air       0%         1d3       67%         1
 Ensorcelled Hibernation  Hex/Ice        0%         N/A       82%         2
 Lesser Beckoning         Tloc           0%         N/A       82%         2
 Passwall                 Tmut/Erth      0%         N/A       82%         2
 Gell's Gravitas          Tloc           0%         N/A       96%         3
 Stone Arrow              Conj/Erth      0%         3d7       96%         3
 Swiftness                Air            0%         N/A       96%         3
 Teleport Other           Tloc           0%         N/A       96%         3
 Airstrike                Air            0%         2d(0-16)  100%        4
 Anguish                  Hex/Necr       0%         N/A       100%        4
 Cause Fear               Hex            0%         N/A       100%        4
 Alistair's Intoxication  Tmut/Pois      0%         N/A       100%        5
 Borgnjor's Vile Clutch   Necr/Erth      0%         N/A       100%        5
 Fireball                 Conj/Fire      0%         3d3       100%        5
 Iskenderun's Battlesphe  Conj           0%         2d6       100%        5
 Conjure Ball Lightning   Conj/Air       0%         3x3d6     100%        6
 Eringya's Noxious Bog    Tmut/Pois      0%         N/A       100%        6
 Enfeeble                 Hex            0%         N/A       100%        7
 Orb of Destruction       Conj           0%         9d5       100%        7
 Summon Guardian Golem    Hex/Summ       Unusable   N/A       N/A         3
 Summon Forest            Summ/Tloc      Unusable   N/A       N/A         5
 Spellforged Servitor     Conj/Summ      Unusable   N/A       N/A         7
 Summon Hydra             Summ           Unusable   N/A       N/A         7

Dungeon Overview and Level Annotations

Branches:
Dungeon (12/15)            Temple (1/1) D:6            Lair (4/5) D:10
  Swamp (0/4) Lair:3       Spider (0/4) Lair:3        Slime (0/5) Lair:4
    Orc (2/2) D:12            Elf (0/3) Orc:2        Bailey (visited)

Altars:
Cheibriados
Dithmenos
Elyvilon
Fedhas
Gozag
Hepliaklqana
Kikubaaqudgha
Makhleb
Nemelex Xobeh
Okawaru
Qazlal
Ru
Sif Muna
Trog
Uskayaw
Vehumet
Xom
Yredelemnul
Zin
The Shining One

Shops:
D:6 **   D:12 (   Orc:2 :([

Portals:
Ice
Cave: Orc:2

Annotations:
D:6 2 transporters, gbid0's ghost, novice MiMo


Innate Abilities, Weirdness & Mutations

You have a pair of horns on your head.
You reflexively headbutt those who attack you in melee.


Message History

Okawaru accepts your kill.
The troll simulacrum closely misses you.
The troll simulacrum claws you but does no damage.
The troll simulacrum closely misses you.
Unknown command.
You barely miss the troll.
You headbutt the troll, but do no damage.
The troll is lightly wounded.
An orc warrior comes into view. It is wielding a +0 short sword.
The troll bites you.
* * * LOW HITPOINT WARNING * * *
The troll claws you.
* * * LOW HITPOINT WARNING * * *
The troll closely misses you.
You slice the troll!! You burn the troll. You headbutt the troll.
You kill the troll!
Okawaru accepts your kill. The naga simulacrum barely misses you.
The naga simulacrum misses you.
The sixfirhy hits you but does no damage.
Unknown command.
Really fly into that cloud of freezing vapour?
An orc warrior comes into view.
It is wielding a +0 battleaxe of draining.
You are engulfed in freezing vapours.
* * * LOW HITPOINT WARNING * * *
The orc warrior shouts!
You hear a shout!
The soul eater disappears in a puff of smoke!
The sixfirhy hits you but does no damage. x2
The sixfirhy hits you.
* * * LOW HITPOINT WARNING * * *
The sixfirhy shocks you!
* * * LOW HITPOINT WARNING * * *
The troll simulacrum completely misses you.
You furiously retaliate!
You headbutt the troll simulacrum!
You block the troll simulacrum's attack.
The troll simulacrum closely misses you.
There is a frozen archway here.
The sixfirhy hits you.
* * * LOW HITPOINT WARNING * * *
The sixfirhy shocks you!
You die...

*,,,,,,,,,,,,,****,,,*
,,,,,,,,,,,,*** *,...#
*,,,*,,,,,*** *#o..#
*,,,,,*,,,* ###.o.*
**,,,,,*,** ##.#..#*
,,,,,,**** ##.....##
**,,,** #.......##
***,,,* #...3....#
***,,** #..@.Z...##
**,,,* #..hZ.....#
,,,,** #..ZZ....##
,,,*###* #...Z#.###
,,,,#..###* ##o......#
,,,,....#.###oo.#.#$##
,,,,.......#3oo######
,,,,....o.....##
,,,,..o.......# ***


You could see 2 orc knights, a soul eater (summoned), an orc high priest, a
sixfirhy (summoned), a warg, 3 orc warriors, a polar bear simulacrum, a spriggan
simulacrum, 2 naga simulacra, a troll simulacrum and an orc (strong).

Vanquished Creatures
  Gastronok (Lair:3)
  An orc warlord (Bailey)
  3 hydras
  Harold (D:11)
  A centaur warrior (D:11)
  A catoblepas (Lair:4)
  4 two-headed ogres
  An obsidian statue (D:10)
  A deep elf pyromancer (D:12)
  2 manticores
  4 cyclopes
  An orc sorcerer (Orc:2)
  A will-o-the-wisp (Lair:3)
  An ugly thing (D:10)
  15 elephants
  3 black mambas
  8 cane toads
  A cane toad (shapeshifter) (D:10)
  A gargoyle (D:12)
  A rime drake (Lair:3)
  An unseen horror (D:11)
  4 komodo dragons
  2 trolls (Orc:2)
  2 polar bears
  A queen bee (Lair:2)
  A hornet (D:7)
  Grinder (D:3)
  24 blink frogs
  Prince Ribbit (Lair:3)
  8 slime creatures
  2 culicivoras (Lair:3)
  5 jumping spiders (Lair:3)
  2 wraiths
  32 yaks
  2 wyverns
  3 steam dragons
  8 vampire mosquitoes
  2 redbacks (Lair:3)
  2 basilisks
  Menkaure (D:7)
  2 acid dragons
  9 water moccasins
  3 orc warriors
  2 black bears
  A sky beast (D:7)
  5 ogres
  An ice beast (D:5)
  9 centaurs
  17 wolves
  3 kobold brigands
  15 bullfrogs
  2 scorpions
  A gnoll sergeant (D:7)
  13 wights
  40 killer bees
  3 howler monkeys (D:10)
  An electric eel (D:10)
  A jelly (D:6)
  An orc priest (D:7)
  4 hounds
  A gnoll bouda (D:6)
  An iguana (D:5)
  4 orc wizards
  2 sleepcaps
  Terence (D:2)
  Natasha (D:2)
  A troll simulacrum (Orc:2)
  A spriggan simulacrum (Orc:2)
  A wolf simulacrum (Orc:2)
  11 gnolls
  9 adders
  2 shadow imps
  A white imp (D:5)
  3 ufetubi (D:5)
  A worm (D:3)
  2 dart slugs
  14 orcs
  8 ball pythons
  14 endoplasms
  2 giant cockroaches
  7 goblins
  6 hobgoblins
  10 jackals (D:1)
  6 quokkas
  8 bats
  3 frilled lizards
  31 kobolds
  6 rats
  A butterfly (Lair:4)
447 creatures vanquished.

Vanquished Creatures (others)
  6 foxfires (Lair:3)
6 creatures vanquished.

Grand Total: 453 creatures vanquished

Notes
Turn   | Place    | Note
-------+----------+-------------------------------------------
     0 | D:1      | Peloso the Minotaur Fighter began the quest for the Orb.
     0 | D:1      | Reached XP level 1. HP: 19/19 MP: 0/0
    81 | D:1      | Found a faded altar of an unknown god.
    95 | D:1      | Reached XP level 2. HP: 20/27 MP: 1/1
   316 | D:1      | Reached XP level 3. HP: 31/33 MP: 2/2
   648 | D:1      | Reached skill level 3 in Long Blades
   849 | D:1      | Found a white marble altar of Elyvilon.
  1037 | D:2      | Noticed Natasha
  1044 | D:2      | Killed Natasha
  1045 | D:2      | Reached XP level 4. HP: 29/41 MP: 3/3
  1132 | D:2      | Noticed Terence
  1141 | D:2      | Killed Terence
  1142 | D:2      | Reached skill level 4 in Long Blades
  1152 | D:2      | Reached skill level 1 in Dodging
  1533 | D:3      | Noticed Grinder
  1547 | D:2      | Reached XP level 5. HP: 47/47 MP: 4/4
  1696 | D:3      | Paralysed by Grinder for 3 turns
  1704 | D:3      | Killed Grinder
  1705 | D:3      | Reached skill level 5 in Long Blades
  1705 | D:3      | Reached XP level 6. HP: 29/55 MP: 5/5
  2417 | D:5      | Entered Level 5 of the Dungeon
  2437 | D:5      | Reached skill level 6 in Long Blades
  2566 | D:5      | Reached skill level 5 in Armour
  2651 | D:5      | Noticed an ice beast
  2672 | D:5      | Killed an ice beast
  2673 | D:5      | Reached skill level 5 in Fighting
  2673 | D:5      | Reached XP level 7. HP: 25/61 MP: 6/6
  2959 | D:4      | Reached skill level 5 in Shields
  3557 | D:5      | Reached skill level 7 in Long Blades
  3788 | D:5      | Identified the +5 cloak "Ecihiz" {rF+ Will- Str+2}
  3952 | D:5      | Reached XP level 8. HP: 6/69 MP: 7/7
  4254 | D:6      | Found a transporter.
  4254 | D:6      | Noticed gbid0's ghost (novice MiMo)
  4256 | D:6      | Found a transporter.
  4595 | D:6      | Reached skill level 8 in Long Blades
  4605 | D:6      | Found a staircase to the Ecumenical Temple.
  4617 | Temple   | Entered the Ecumenical Temple
  4921 | Temple   | Became a worshipper of Warmaster Okawaru
  4958 | D:6      | Found Jeghazyl's General Store.
  4962 | D:6      | Bought a scroll of identify for 22 gold pieces
  5480 | D:6      | Found Editocw's Specific Store.
  5483 | D:6      | Found Quokehe's General Store.
  5492 | D:6      | Bought a scroll of fog for 60 gold pieces
  5492 | D:6      | Bought a scroll of identify for 30 gold pieces
  5496 | D:6      | Bought a potion of degeneration for 14 gold pieces
  5776 | D:7      | Noticed Menkaure
  5786 | D:7      | Killed Menkaure
  5797 | D:7      | Reached skill level 9 in Long Blades
  5942 | D:7      | Reached * piety under Okawaru
  6074 | D:7      | Reached XP level 9. HP: 69/75 MP: 8/8
  6225 | D:7      | You fall into a shaft and drop 3 floors!
  6225 | D:10     | Entered Level 10 of the Dungeon
  6239 | D:10     | Found a staircase to the Lair.
  6470 | D:8      | Reached skill level 10 in Long Blades
  6491 | D:8      | Identified a scroll of acquirement
  6714 | D:8      | Reached ** piety under Okawaru
  6735 | D:8      | Found a flagged portal.
  6744 | Bailey   | Entered a bailey
  6806 | Bailey   | Noticed an orc warlord
  6886 | Bailey   | Found a runed translucent gate.
  6886 | Bailey   | Found a runed translucent gate.
  6886 | Bailey   | Found a runed translucent gate.
  7325 | Bailey   | HP: 3/118 [orc warlord/+5 broad axe (10)]
  7326 | Bailey   | Killed an orc warlord
  7327 | Bailey   | Reached skill level 11 in Long Blades
  7327 | Bailey   | Reached skill level 1 in Stealth
  7327 | Bailey   | Reached skill level 1 in Evocations
  7574 | Bailey   | Identified the +6 scale mail "Nuva" {Fly Int+3}
  8023 | D:7      | Reached XP level 10. HP: 34/88 MP: 9/9
  8757 | D:8      | Found a burning altar of Makhleb.
  8830 | D:9      | Reached skill level 10 in Armour
  8968 | D:9      | Reached *** piety under Okawaru
  9382 | D:9      | Noticed a two-headed ogre
  9388 | D:9      | Killed a two-headed ogre
  9389 | D:9      | Reached skill level 12 in Long Blades
  9864 | D:10     | Noticed a white ugly thing
  9864 | D:10     | Noticed a cyclops
  9891 | D:10     | Killed a white ugly thing
  9895 | D:10     | Killed a cyclops
  9934 | D:10     | Noticed a cane toad
  9940 | D:10     | Killed a cane toad
 10070 | D:10     | Reached skill level 1 in Invocations
 10087 | D:10     | Reached **** piety under Okawaru
 10098 | D:10     | Reached skill level 13 in Long Blades
 10263 | D:10     | Noticed an obsidian statue
 10272 | D:10     | Killed an obsidian statue
 10273 | D:10     | Reached XP level 11. HP: 97/97 MP: 10/10
 10350 | D:10     | Found a bloodstained altar of Trog.
 10842 | D:11     | Reached ***** piety under Okawaru
 10844 | D:11     | Noticed a centaur warrior
 10874 | D:11     | Reached skill level 10 in Fighting
 10889 | D:11     | Killed a centaur warrior
 10890 | D:11     | Reached skill level 14 in Long Blades
 11906 | D:11     | Noticed Harold
 11914 | D:11     | Killed Harold
 12271 | Lair:1   | Entered Level 1 of the Lair of Beasts
 12350 | Lair:1   | Reached skill level 15 in Long Blades
 12434 | Lair:1   | Reached XP level 12. HP: 108/108 MP: 12/12
 12628 | Lair:1   | Received a gift from Okawaru
 12646 | Lair:1   | Reached skill level 5 in Dodging
 13371 | Lair:2   | Noticed an eight-headed hydra
 13392 | Lair:2   | Killed a four-headed hydra
 13980 | Lair:2   | Received a gift from Okawaru
 14926 | Lair:3   | Noticed Gastronok
 14944 | Lair:3   | Killed Gastronok
 14944 | Lair:3   | Received a gift from Okawaru
 15398 | Lair:3   | Received a gift from Okawaru
 15474 | Lair:3   | Reached XP level 13. HP: 92/119 MP: 13/13
 15634 | Lair:3   | Found a staircase to the Swamp.
 15634 | Lair:3   | Noticed Prince Ribbit
 15664 | Lair:3   | Reached skill level 16 in Long Blades
 15674 | Lair:3   | Killed Prince Ribbit
 15686 | Lair:3   | Reached ****** piety under Okawaru
 15887 | Lair:3   | Found a hole to the Spider Nest.
 15937 | Lair:3   | Reached skill level 10 in Shields
 16586 | Lair:4   | Received a gift from Okawaru
 17187 | Lair:4   | Found a staircase to the Slime Pits.
 17406 | Lair:4   | Received a gift from Okawaru
 18764 | D:12     | Found Xarev's Antique Weapon Emporium.
 18834 | D:12     | Found a staircase to the Orcish Mines.
 19172 | D:12     | Received a gift from Okawaru
 19516 | D:12     | Reached XP level 14. HP: 102/133 MP: 14/14
 19841 | Orc:1    | Entered Level 1 of the Orcish Mines
 19976 | Orc:2    | Entered Level 2 of the Orcish Mines
 19992 | Orc:2    | Found Giokhairaj's Book Emporium.
 19992 | Orc:2    | Noticed an orc warlord
 20030 | Orc:2    | Found Guugaen's Antique Weapon Shoppe.
 20039 | Orc:2    | Found Gaytoyt's Antique Armour Emporium.
 20052 | Orc:2    | HP: 5/133 [orc knight/+0 dire flail (18)]
 20069 | Orc:2    | Found a frozen archway.
 20087 | Orc:2    | Slain by a sixfirhy

Illustrated notes

Levels and vault maps discovered:
D:1:      dpeg_arrival_water_altar, layout_loops_cross,
          dreamdust_ecumenical_altar_statues
D:2:      layout_basic, st_stairs_14, uniq_natasha, uniq_terence
D:3:      layout_rooms, grunt_ministairs_8, eino_tiny_chamber,
          minmay_misc_feat_four_crosses, uniq_grinder
D:4:      layout_cave_pools, reono_crystal_passage
D:5:      layout_cave_pools, minmay_puff
D:6:      layout_layer_cave, minmay_temple_entry_drinking_statues, serial_shops,
          nicolae_shop_back_alley_shop, gammafunk_ghost_arena,
          nicolae_specific_store
D:7:      layout_basic, minmay_curled_crystal, uniq_menkaure
D:8:      layout_cave_pools, makhleb_blood_cavern_becter, enter_bailey_6
D:9:      layout_roguey
D:10:     layout_basic, mainiacjoe_overflow_cross_hatched, lair_entry_dummy,
          minivault_15, minmay_crystal_water, minmay_radiant
D:11:     layout_basic, grunt_potential, uniq_harold
D:12:     layout_roguey, orc_0_dummy, serial_shops, nicolae_stop_n_shop_2
Temple:   mainiacjoe_temple_big_plus
Lair:1:   layout_cave_shapes, lemuel_fruit_fields, infiniplex_staircase_pool
Lair:2:   layout_hall_layers, special_room [special_room_bee]
Lair:3:   layout_regular_city, minmay_swamp_entry_wisps,
          nicolae_spider_entry_tight_spaces, grunt_megastairs_2,
          infiniplex_staircase_pool_2, uniq_gastronok, uniq_prince_ribbit2,
          uniq_nessos
Lair:4:   layout_layer_cave, slime_entry_1, grunt_megastairs_1,
          lemuel_fruit_fields
Orc:1:    layout_caves
Orc:2:    grunt_orc_gardens, layout_caves, grunt_orc_garden, grunt_orc_garden,
          grunt_orc_garden, grunt_orc_garden,
          portal_ice_cave_entry_ice_simulacra, uniq_jorgrun

Skill      XL: |  1  2  3  4  5  6  7  8  9 10 11 12 13 |
---------------+----------------------------------------+-----
Shields        | 4 5 6 8 9 11 | 11.3
Fighting       | 4 5 6 8 9 10 12 14 | 14.5
Armour         | 4 5 6 8 9 10 11 12 14 | 14.1
Long Blades    | 3 4 5 6 7 9 11 13 15 16 | 16.8
Dodging        | 1 2 4 6 7 |  7.8
Stealth        | 1 |  1.8
Evocations     | 1 2 |  2.1
Invocations    | 1 2 |  2.2

Action                     |  1- 3 |  4- 6 |  7- 9 | 10-12 | 13-15 || total
---------------------------+-------+-------+-------+-------+-------++-------
  Melee: Long sword        |    84 |   110 |   129 |       |       ||   323
         Headbutt          |     7 |    15 |    53 |   125 |    94 ||   294
         Scimitar          |       |       |   178 |   548 |   382 ||  1108
 Invoke: Heroism           |       |       |     2 |     9 |       ||    11
  Evoke: Wand              |       |       |     8 |     2 |       ||    10
    Use: Potion            |       |     1 |     2 |     1 |     8 ||    12
         Scroll            |       |       |    22 |     6 |     4 ||    32
 Armour: Scale mail        |    77 |    40 |    20 |   317 |   213 ||   667
         Chain mail        |       |    12 |    92 |       |       ||   104
         Plate armour      |       |       |     5 |       |       ||     5
  Dodge: Dodged            |    62 |    85 |   126 |   365 |   320 ||   958
  Block: Buckler           |    35 |    25 |    64 |   201 |   168 ||   493
